 Dungeon Crawl Stone Soup version 0.14-b1-56-gbadd701 (webtiles) character file.

398 Heini the Cudgeler (level 6, -1/52 HPs)
             Began as a Minotaur Gladiator on Apr 10, 2014.
             Slain by a mummy (13 damage)
             ... in an ossuary.
             The game lasted 00:07:20 (2436 turns).

Heini the Cudgeler (Minotaur Gladiator)             Turns: 2436, Time: 00:07:20

HP  -1/52        AC  4     Str 22      XL: 6   Next:  7%
MP   3/3         EV 12     Int  5      God:
Gold 115         SH  0     Dex 10      Spells:  0 memorised,  5 levels left

rFire  . . .     SeeInvis .     a - +0 flail (curse)
rCold  . . .     Clarity  .     b - +0 leather armour
rNeg   . . .     Conserve .     (no shield)
rPois  .         rCorr    .     c - +0 hat
rElec  .         rRot     .     n - +0 cloak
SustAb . .       Spirit   .     (no gloves)
rMut   .         Warding  .     (no boots)
Saprov . . .     Stasis   .     (no amulet)
MR     .....                    (no ring)
                                (no ring)

@: not resistant to hostile enchantments, very unstealthy
A: retaliatory headbutt, horns 2
a: no special abilities


You were in an ossuary.
You were hungry.

You visited 1 branch of the dungeon, and saw 4 of its levels.
You also visited: Ossuary.

You collected 115 gold pieces.

Inventory:

Hand weapons
 a - a cursed +0,+0 flail (weapon)
Missiles
 d - 3 throwing nets (quivered)
Armour
 b - a +0 leather armour (worn)
 c - a +0 hat (worn)
 n - a +0 cloak (worn)
Comestibles
 q - a bread ration
 t - a meat ration
Scrolls
 e - 2 scrolls of identify {unknown}
 g - a scroll of fear {unknown}
 h - 3 scrolls of teleportation {unknown}
 i - 3 scrolls of remove curse {unknown}
 k - a scroll of magic mapping {unknown}
 l - a scroll of fog {unknown}
 r - 3 scrolls of immolation {unknown}
 s - a scroll of enchant armour {unknown}
 w - a scroll of enchant weapon I {unknown}
Jewellery
 j - an uncursed ring of regeneration {unknown}
 m - a cursed ring of teleportation {unknown}
Potions
 f - 2 potions of heal wounds {unknown}
 o - a potion of haste {unknown}
 p - a potion of might {unknown}


   Skills:
 * Level 3.9 Fighting
 * Level 5.5 Maces & Flails
 + Level 2.1 Throwing
 * Level 3.2 Armour
 + Level 4.6 Dodging


You had 5 spell levels left.
You didn't know any spells.

Dungeon Overview and Level Annotations

Branches:
Dungeon (4/15)
 Temple: D:4-7

Altars:
Jiyva


Innate Abilities, Weirdness & Mutations

You reflexively headbutt those who attack you in melee.
You have a pair of horns on your head.


Message History

You furiously retaliate!
You headbutt the big kobold zombie! The mummy closely misses you.
You barely miss the mummy. The big kobold zombie misses you.
The mummy hits you!
You sock the mummy! Your headbutt misses the mummy.
The mummy is severely damaged.
Your leather armour prevents you from hitting the mummy.
The mummy closely misses you.
You hit the mummy.
The mummy is lightly damaged.
The mummy barely misses you. The mummy hits you!
You sock the mummy! You headbutt the mummy.
You destroy the mummy!
You feel nervous for a moment...
Your +0,+0 flail glows black for a moment.
The mummy hits you!
* * * LOW HITPOINT WARNING * * *
You hit the big kobold zombie but do no damage.
The mummy hits you!
You die...

#....#
#....#
#....#
#....#
#....#
#....#
#....#
#zM..#
#@MM.#
######


You could see 3 mummies and a big kobold zombie.

Vanquished Creatures
  A two-headed ogre (D:3)
  A mummy (Ossuary)
  2 giant geckos
  4 oozes (D:2)
  A ball python (D:2)
  7 bats
  6 giant cockroaches
  2 gnoll zombies (Ossuary)
  13 goblins
  9 hobgoblins
  5 jackals
  6 kobolds
  A quokka (D:3)
  6 giant newts
  2 kobold zombies (Ossuary)
  2 orc zombies (Ossuary)
  8 rats
76 creatures vanquished.

Notes
Turn   | Place    | Note
--------------------------------------------------------------
     0 | D:1      | Heini, the Minotaur Gladiator, began the quest for the Orb.
     0 | D:1      | Reached XP level 1. HP: 18/18 MP: 1/1
   226 | D:1      | Reached XP level 2. HP: 25/25 MP: 1/1
   373 | D:1      | Reached skill level 4 in Maces & Flails
   724 | D:2      | Reached XP level 3. HP: 26/30 MP: 2/2
  1590 | D:2      | Found a viscous altar of Jiyva.
  1600 | D:2      | Reached skill level 1 in Armour
  1830 | D:3      | Noticed a two-headed ogre
  1837 | D:3      | Killed a two-headed ogre
  1837 | D:3      | Reached skill level 5 in Maces & Flails
  1837 | D:3      | Reached XP level 4. HP: 10/40 MP: 2/2
  1837 | D:3      | Reached XP level 5. HP: 11/46 MP: 2/2
  2387 | D:4      | Found a sand-covered staircase.
  2391 | Ossuary  | Entered an ossuary
  2400 | Ossuary  | Reached XP level 6. HP: 52/52 MP: 3/3
  2436 | Ossuary  | Slain by a mummy

Action                   |  1- 3 |  4- 6 || total
-------------------------+-------+-------++-------
Melee: Flail             |   114 |    42 ||   156
